 Dungeon Crawl Stone Soup version 0.31-a0-210-gccc998df9b (webtiles) character file.

Game seed: 9655379022820229748

165 qw the Chopper (level 5, -2/32 HPs)
             Began as a Gargoyle Fighter on June 30, 2023.
             Was an Initiate of Okawaru.
             Slain by an orc wizard
             ... wielding a +0 dagger
              (3 damage)
             ... on level 3 of the Dungeon.
             The game lasted 00:01:09 (2475 turns).

qw the Chopper (Gargoyle Fighter)                   Turns: 2475, Time: 00:01:10

Health: -2/32      AC: 14    Str: 21    XL:     5   Next: 46%
Magic:  5/5        EV:  7    Int:  9    God:    Okawaru [......]
Gold:   70         SH:  0    Dex:  9    Spells: 4/4 levels left

rFire   . . .        Y - +1 war axe (drain)
rCold   . . .        c - +0 buckler
rNeg    + . .        k - +0 chain mail
rPois   inf          (no helmet)
rElec   +            (no cloak)
rCorr   +            (no gloves)
SInv    .            g - +0 pair of boots
Will    .....        (no amulet) Stlth
                     l - ring of resist corrosion
HPRegen 0.25/turn    (no ring)
MPRegen 0.09/turn

%: no passive effects
@: confused
A: sickness immunity, AC +4, negative energy resistance 1, electricity
resistance, torment resistance 1, petrification resistance
a: Renounce Religion


You were on level 3 of the Dungeon.
You worshipped Okawaru.
Okawaru was noncommittal.
You visited 1 branch of the dungeon, and saw 3 of its levels.

You collected 114 gold pieces.
You spent 44 gold pieces at shops.


Innate Abilities, Weirdness & Mutations

You are immune to sickness and miasma.
Your stone body is resilient. (AC +4)
You are immune to poison.
You resist negative energy. (rN+)
You are resistant to electric shocks. (rElec)
You are resistant to unholy torment.
You are immune to petrification.


   Skills:
 - Level 3.2 Fighting
 + Level 4.7 Axes
 - Level 1.2 Throwing
 - Level 3.2 Armour
 - Level 3.2 Shields


You had 4 spell levels left.
You didn't know any spells.
Your spell library was empty.

Inventory:

Hand Weapons
 p - a +0 whip
 Y - a +1 war axe of draining (weapon)
Missiles
 b - a javelin (quivered)
 i - 3 boomerangs
Armour
 c - a +0 buckler (worn)
 g - a +0 pair of boots (worn)
 k - a +0 chain mail (worn)
Jewellery
 l - a ring of resist corrosion (left hand)
Scrolls
 e - a scroll of identify
Potions
 a - a potion of cancellation
 d - 2 potions of might
 h - a potion of mutation {unknown}
 j - a potion of attraction {unknown}
 m - a potion of heal wounds {unknown}
 o - a potion of enlightenment {unknown}

Dungeon Overview and Level Annotations

Branches:
Dungeon (3/15)

Altars:
Ashenzari
Okawaru

Shops:
D:3 ?

Annotations:
D:3 1 runed translucent door, Crazy Yiuf


Message History

Enter note:
Enter note:
Enter note:
Enter note:
Enter note: You barely miss the orc.
You miss the frilled lizard. The orc closely misses you.
The frilled lizard bites you but does no damage.
The orc priest looks satisfied for a moment.
The orc wizard hits you but does no damage.
The orc hits you but does no damage.
The frilled lizard bites you but does no damage.
You closely miss the orc wizard. You hit the orc but do no damage.
You drain the orc. You miss the frilled lizard. The orc barely misses you.
The frilled lizard barely misses you.
The orc priest looks encouraged for a moment.
The orc wizard casts a spell at you.
You are confused.
The orc hits you but does no damage.
The frilled lizard bites you but does no damage.
The orc wizard hits you but does no damage.
The orc hits you but does no damage.
The frilled lizard bites you but does no damage.
The orc priest hits you but does no damage.
The orc wizard closely misses you. The orc barely misses you.
The frilled lizard bites you but does no damage.
The orc priest hits you with a +0 flail.
The orc wizard points at you and mumbles some strange words.
The puff of flame hits you! The orc hits you but does no damage.
The frilled lizard closely misses you.
The orc priest mumbles some strange prayers to Beogh against you.
Beogh smites you!
Ouch! That really hurt!
The orc wizard hits you but does no damage.
The orc hits you but does no damage.
The frilled lizard bites you but does no damage.
The orc priest hits you with a +0 flail.
The orc wizard hits you with a +0 dagger.
You die...

#. ......(........ #..
................ #..
...............[. ##..
.................(..+...
...................(##..
...................# ##.
......olo..........# #.
......o@...........# ##
...................# #
...................# #
.......(...........#
...................#####
##.........###...#......
...##..............#####
##. ####.#####.....# ###
##.####


You could see an orc priest, an orc wizard, an orc (very drained) and a frilled
lizard.

Vanquished Creatures
  Jessica (D:3)
  An orc wizard (D:3)
  4 adders
  A worm (D:2)
  2 dart slugs
  3 orcs (D:3)
  7 ball pythons
  2 endoplasms (D:1)
  6 giant cockroaches
  6 goblins
  5 hobgoblins
  9 jackals
  5 bats
  3 frilled lizards
  7 kobolds
  3 rats
65 creatures vanquished.

Notes
Turn   | Place    | Note
-------+----------+-------------------------------------------
     0 | D:1      | qw the Gargoyle Fighter began the quest for the Orb.
     0 | D:1      | Reached XP level 1. HP: 14/14 MP: 1/1
     0 | D:1      | 0 ||| qw: Version: 0.3-a-26-gee661ec
     0 | D:1      | 0 ||| qw: Game counter: 7231
     0 | D:1      | 0 ||| qw: Melee chars always use a shield: true
     0 | D:1      | 0 ||| qw: God list: Okawaru
     0 | D:1      | 0 ||| qw: Allow faded altars: false
     0 | D:1      | 0 ||| qw: Do Orc after clearing Dungeon:15 true
     0 | D:1      | 0 ||| qw: Do second Lair branch before Depths: true
     0 | D:1      | 0 ||| qw: Lair rune preference: random
     0 | D:1      | 0 ||| qw: Goals: Normal, Zot:1-4, Slime:5, God:TSO, Crypt,
                  | Tomb, Abyss, Pan, Hells, Win
     0 | D:1      | 0 ||| PLANNING D:1-11
    23 | D:1      | 23 ||| Stepping ~*~*~tactically~*~*~ (hiding).
    32 | D:1      | Reached skill level 2 in Axes
    99 | D:1      | Reached XP level 2. HP: 19/19 MP: 2/2
   118 | D:1      | 118 ||| Stepping ~*~*~tactically~*~*~ (stealth).
   180 | D:1      | 180 ||| Stepping ~*~*~tactically~*~*~ (hiding).
   182 | D:1      | 182 ||| Stepping ~*~*~tactically~*~*~ (hiding).
   183 | D:1      | 183 ||| Stepping ~*~*~tactically~*~*~ (hiding).
   185 | D:1      | 185 ||| Stepping ~*~*~tactically~*~*~ (hiding).
   382 | D:1      | Reached skill level 3 in Axes
   391 | D:1      | 391 ||| Stepping ~*~*~tactically~*~*~ (stealth).
   398 | D:1      | Reached XP level 3. HP: 23/23 MP: 3/3
   404 | D:1      | 404 ||| Stepping ~*~*~tactically~*~*~ (stealth).
   898 | D:1      | 898 ||| UPGRADING to +0 pair of boots.
   903 | D:1      | 903 ||| UPGRADING to ring of resist corrosion.
   904 | D:1      | 904 ||| READING scroll labelled ZEIZERPHOAB.
   905 | D:1      | 905 ||| READING scroll labelled POANUCRE NYAN.
   906 | D:1      | 906 ||| READING scroll labelled ESTRIAP XIUCEVO.
   907 | D:1      | 907 ||| DRINKING 2 smoky purple potions.
   915 | D:1      | 915 ||| DROPPING potion of ambrosia.
  1094 | D:2      | 1094 ||| Stepping ~*~*~tactically~*~*~ (stealth).
  1273 | D:2      | Reached XP level 4. HP: 28/28 MP: 4/4
  1284 | D:2      | 1284 ||| Stepping ~*~*~tactically~*~*~ (stealth).
  1440 | D:2      | 1440 ||| Stepping ~*~*~tactically~*~*~ (stealth).
  1450 | D:2      | Reached skill level 4 in Axes
  1640 | D:2      | 1640 ||| UPGRADING to +0 chain mail.
  1650 | D:2      | 1650 ||| DROPPING +0 scale mail.
  1651 | D:2      | 1651 ||| READING scroll labelled FALUTO MABLEN.
  1652 | D:2      | 1652 ||| DRINKING 2 golden potions.
  1682 | D:3      | Noticed Jessica
  1683 | D:3      | 1683 ||| Stepping ~*~*~tactically~*~*~ (hiding).
  1688 | D:3      | Killed Jessica
  1689 | D:3      | Reached skill level 1 in Throwing
  1698 | D:3      | Found Ulujiol's Magic Scroll Emporium.
  1704 | D:3      | 1704 ||| BUYING scroll of identify (22 gold).
  1704 | D:3      | Bought a scroll of identify for 22 gold pieces
  1704 | D:3      | 1704 ||| BUYING scroll of identify (22 gold).
  1704 | D:3      | Bought a scroll of identify for 22 gold pieces
  1704 | D:3      | 1704 ||| SHOPLISTING scroll of teleportation (33 gold, have
                  | 26).
  1723 | D:3      | 1723 ||| Stepping ~*~*~tactically~*~*~ (hiding).
  1749 | D:3      | 1749 ||| Stepping ~*~*~tactically~*~*~ (stealth).
  1758 | D:3      | Reached XP level 5. HP: 32/32 MP: 5/5
  1759 | D:3      | 1759 ||| Stepping ~*~*~tactically~*~*~ (stealth).
  1801 | D:3      | Found a runed translucent door.
  1802 | D:3      | Noticed Crazy Yiuf
  1880 | D:3      | 1880 ||| Stepping ~*~*~tactically~*~*~ (hiding).
  1881 | D:3      | 1881 ||| Stepping ~*~*~tactically~*~*~ (hiding).
  1882 | D:3      | 1882 ||| Stepping ~*~*~tactically~*~*~ (hiding).
  2069 | D:3      | 2069 ||| Stepping ~*~*~tactically~*~*~ (hiding).
  2070 | D:3      | 2070 ||| Stepping ~*~*~tactically~*~*~ (hiding).
  2073 | D:3      | 2073 ||| Stepping ~*~*~tactically~*~*~ (hiding).
  2197 | D:3      | Found a broken altar of Ashenzari.
  2200 | D:3      | 2200 ||| DROPPING +0 club.
  2215 | D:3      | 2215 ||| Stepping ~*~*~tactically~*~*~ (stealth).
  2216 | D:3      | 2216 ||| Stepping ~*~*~tactically~*~*~ (stealth).
  2405 | D:3      | Found an iron altar of Okawaru.
  2406 | D:3      | 2406 ||| PLANNING OKAWARU WORSHIP
  2406 | D:3      | 2406 ||| READING scroll labelled NIUT RILEPP.
  2407 | D:3      | 2407 ||| READING 2 scrolls of identify.
  2407 | D:3      | 2407 ||| IDENTIFYING glowing silvery potion
  2410 | D:3      | 2410 ||| DROPPING potion of brilliance.
  2418 | D:3      | Became a worshipper of Warmaster Okawaru
  2419 | D:3      | 2419 ||| PLANNING D:1-11
  2474 | D:3      | HP: 4/32 [orc priest/divine providence (16)]
  2475 | D:3      | HP: 1/32 [orc priest/+0 flail (4)]
  2475 | D:3      | Slain by an orc wizard

Levels and vault maps discovered:
D:1:      ldierk_walled_garden, layout_basic, roderic_roman_lattice,
          kennysheep_decorative_pillar, minivault_5
D:2:      layout_loops_ring
D:3:      layout_loops_corners, okawaru_gym_becter, evilmike_ruin_ashenzari,
          serial_shops, shop_scrolls, kennysheep_small_spiral,
          wad_floor_pattern_2, hangedman_decor_growths, uniq_jessica,
          uniq_crazy_yiuf_cottage

Skill      XL: |  1  2  3  4 |
---------------+-------------+-----
Axes           | 2 3 4 |  4.7
Throwing       | 1 |  1.2
Fighting       | |  3.2
Armour         | |  3.2
Shields        | |  3.2

Action                     |  1- 3 |  4- 6 || total
---------------------------+-------+-------++-------
  Melee: War axe           |    85 |    65 ||   150
  Throw: Boomerang         |    38 |    14 ||    52
         Javelin           |       |    20 ||    20
    Use: Scroll            |     3 |     3 ||     6
         Potion            |     1 |     1 ||     2
 Armour: Scale mail        |    52 |     9 ||    61
         Chain mail        |       |    55 ||    55
  Dodge: Dodged            |    49 |    26 ||    75
  Block: Buckler           |    20 |    10 ||    30

Table legend:
 A = Non-vault XP
 B = Vault XP
 C = Vault XP percentage of total XP
 D = Non-vault monster count
 E = Vault monster count
 F = Vault count percentage of total count
                 A         B        C        D         E       F
            +---------+---------+-------+---------+---------+-------
      Total |     200 |      37 |  15.6 |      64 |       1 |   1.5
            +---------+---------+-------+---------+---------+-------
        D:1 |      43 |       0 |   0.0 |      26 |       0 |   0.0
        D:2 |      72 |       0 |   0.0 |      17 |       0 |   0.0
        D:3 |      85 |      37 |  30.3 |      21 |       1 |   4.5
            +---------+---------+-------+---------+---------+-------
